 Dungeon Crawl Stone Soup version 0.27-a0-1144-g0b7d3b79db (webtiles) character file.

Game seed: 8077792611333639644

94281 lorenzova the Eclecticist (level 15, 0/72 HPs)
             Began as a Deep Elf Conjurer on May 10, 2021.
             Was a High Priest of Vehumet.
             Slain by a bunyip (5 damage)
             ... on level 2 of the Swamp.
             The game lasted 01:18:08 (31060 turns).

lorenzova the Eclecticist (Deep Elf Conjurer)      Turns: 31060, Time: 01:18:09

Health: 0/72       AC:  8    Str:  7    XL:     15   Next: 63%
Magic:  17/40      EV: 12    Int: 30    God:    Vehumet [*****.]
Gold:   3113       SH:  0    Dex: 10    Spells: 19/53 levels left

rFire    + + .     SeeInvis +   E - staff of conjuration
rCold    . . .     Faith    .   (no shield)
rNeg     . . .     Spirit   .   L - +2 robe {rC+}
rPois    +         Reflect  .   D - +2 helmet {SInv}
rElec    +         Harm     .   a - scarf {repulsion}
rCorr    +         Rampage  .   (no gloves)
Will     ++...                  F - +0 pair of boots "Sockialolu" {rPois rF+ rCorr Dex-3}
Stlth    +++.......             (no amulet)
HPRegen  0.22/turn              A - ring of willpower
MPRegen  0.27/turn              J - ring "Biseff" {Fire Drain rElec Str+3 Stlth+}

@: about to teleport, repel missiles
A: no striking features
a: Renounce Religion


You were on level 2 of the Swamp.
You worshipped Vehumet.
Vehumet was extremely pleased with you.
You visited 5 branches of the dungeon, and saw 24 of its levels.

You collected 5495 gold pieces.
You spent 2382 gold pieces at shops.

Inventory:

Hand Weapons
 e - a +3 short sword of freezing
Armour
 a - a scarf of repulsion (worn)
 B - the +3 leather armour of Dous Suo {Rampage rElec rF- Str-2}
   (You found it on level 8 of the Dungeon)

   It affects your strength (-2).
   It makes you vulnerable to fire.
   It insulates you from electricity.
   It bestows one free step when moving towards enemies.
 D - a +2 helmet of see invisible (worn)
 F - the +0 pair of boots "Sockialolu" (worn) {rPois rF+ rCorr Dex-3}
   (You found it on level 9 of the Dungeon)

   It affects your dexterity (-3).
   It protects you from fire.
   It protects you from poison.
   It protects you from acid and corrosion.
 L - a +2 robe of cold resistance (worn)
 P - the -1 pair of gloves "Maipoqol" {*Slow Int+3 SInv}
   (You found it on level 6 of the Lair of Beasts)

   It affects your intelligence (+3).
   It lets you see invisible.
   It may slow you when you take damage.
Magical Staves
 E - a staff of conjuration (weapon)
Jewellery
 u - a ring of willpower
 A - a ring of willpower (left hand)
 C - a +4 ring of evasion
 J - the ring "Biseff" (right hand) {Fire Drain rElec Str+3 Stlth+}
   (You found it on level 3 of the Lair of Beasts)

   [ring of fire]

   It enhances your fire magic.
   It affects your strength (+3).
   It protects you from fire.
   It makes you vulnerable to cold.
   It insulates you from electricity.
   It drains your maximum health when unequipped.
   It makes you more stealthy.
 K - a ring of ice
Wands
 f - a wand of paralysis (9)
 g - a wand of charming (11)
 x - a wand of flame (7)
 I - a wand of acid (18)
Scrolls
 j - 5 scrolls of magic mapping
 m - 6 scrolls of teleportation
 n - 2 scrolls of summoning
 o - a scroll of silence
 p - a scroll of holy word
 q - 6 scrolls of enchant armour
 v - a scroll of fog
 y - 4 scrolls of immolation
 G - 4 scrolls of enchant weapon
 R - a scroll of vulnerability
Potions
 b - 4 potions of lignification
 c - 3 potions of heal wounds
 d - 6 potions of might
 h - 2 potions of invisibility
 i - 11 potions of curing
 k - a potion of resistance
 r - 2 potions of mutation
 s - 3 potions of haste
 t - a potion of cancellation
 w - a potion of attraction
 z - a potion of flight
 H - a potion of berserk rage
 M - 7 potions of ambrosia


   Skills:
 - Level 2.4 Dodging
 - Level 2.4 Stealth
 * Level 19.6 Spellcasting
 * Level 17.2 Conjurations
 - Level 9.0 Hexes
 - Level 6.0 Translocations
 * Level 13.3 Fire Magic
 * Level 7.3 Air Magic


You had 19 spell levels left.
You knew the following spells:

 Your Spells              Type           Power      Damage    Failure   Level
a - Magic Dart            Conj           100%       1d8       0%          1
b - Searing Ray           Conj           100%       3d7       0%          2
c - Iskenderun's Mystic   Conj/Tloc      99%        2d19      1%          4
d - Fulminant Prism       Conj/Hex       52%        3d23      1%          4
e - Foxfire               Conj/Fire      100%       2x1d9     0%          1
f - Fireball              Conj/Fire      67%        3d25      1%          5
l - Lightning Bolt        Conj/Air       50%        1d71      1%          5
o - Orb of Destruction    Conj           57%        9d17      1%          7
q - Iskenderun's Battles  Conj           100%       2d15      1%          5

Your spell library contained the following spells:

 Spells                   Type           Power      Damage    Failure   Level
 Eringya's Noxious Bog    Tmut/Pois      14%        N/A       45%         6
 Static Discharge         Conj/Air       100%       N/A       0%          2
 Dazzling Flash           Conj/Hex       100%       N/A       0%          3
 Apportation              Tloc           100%       N/A       1%          1
 Lesser Beckoning         Tloc           30%        N/A       1%          3
 Tukima's Dance           Hex            70%        N/A       1%          3
 Bolt of Magma            Conj/Fire/Erth 58%        4d23      1%          5
 Iron Shot                Conj/Erth      44%        9d9       1%          6
 Invisibility             Hex            70%        N/A       4%          6
 Summon Mana Viper        Hex/Summ       54%        N/A       6%          5
 Spellforged Servitor     Conj/Summ      44%        N/A       9%          7
 Ignition                 Fire           52%        3d15      10%         8
 Summon Forest            Summ/Tloc      23%        N/A       11%         5
 Alistair's Intoxication  Tmut/Pois      19%        N/A       36%         5
 Shadow Creatures         Summ           N/A        N/A       90%         6
 Summon Hydra             Summ           14%        N/A       100%        7
 Shatter                  Erth           14%        3d14*     100%        9
 Tornado                  Air            32%        N/A       100%        9


Dungeon Overview and Level Annotations

Branches:
Dungeon (13/15)            Temple (1/1) D:7            Lair (6/6) D:8
  Swamp (2/4) Lair:4        Snake (0/4) Lair:4        Slime (0/5) Lair:5
    Orc (2/2) D:10            Elf (0/3) Orc:2        Vaults (0/5) D:13

Altars:
Ashenzari
Cheibriados
Dithmenos
Elyvilon
Fedhas
Gozag
Hepliaklqana
Kikubaaqudgha
Makhleb
Nemelex Xobeh
Okawaru
Qazlal
Ru
Sif Muna
Trog
Uskayaw
Vehumet
Wu Jian
Xom
Yredelemnul
Zin
The Shining One

Shops:
D:1 *   D:5 (*!*   D:8 :   Orc:2 [(:*[

Annotations:
D:7 3 runed translucent doors, sanka's ghost, novice DjMo
Swamp:2 Donald


Message History

Donald says, "I hate Vehumet."
Donald hits you with a +3 vorpal scimitar!!
* * * LOW HITPOINT WARNING * * *
x2 Donald hits you with a +3 vorpal scimitar!
* * * LOW HITPOINT WARNING * * *
x2 You feel much better.
Your surroundings suddenly seem different.
The bunyip claws you.
The bunyip claws you but does no damage.
The bunyip closely misses you.
A tyrant leech comes into view.
A swamp worm and a bunyip come into view.
Unknown command.
Okay, then.
Casting: Orb of Destruction (dangerous; 1% risk of failure)
Confirm with . or Enter, or press ? or * to list all spells.
You feel a surge of power!
You erupt in a blast of force!
The mystic blast hits the tyrant leech!
The tyrant leech is moderately wounded.
The tyrant leech is knocked back by the mystic blast.
The mystic blast hits the swamp worm!
The swamp worm is moderately wounded.
The swamp worm is knocked back by the mystic blast.
The mystic blast hits the bunyip!
The bunyip is lightly wounded.
You hear a shout!
Casting: Iskenderun's Mystic Blast (safe; 1% risk of failure)
Confirm with . or Enter, or press ? or * to list all spells.
You feel a surge of power!
You erupt in a blast of force!
The mystic blast hits the bunyip!!
The bunyip is moderately wounded.
The bunyip is knocked back by the mystic blast.
A spriggan rider comes into view. It is wielding a +0 spear.
Magic courses through your body.
An eleionoma comes into view.
As you read the scroll of teleportation, it crumbles to dust.
You feel strangely unstable. The bunyip claws you!!
* * * LOW HITPOINT WARNING * * *
The bunyip claws you.
You die...

♣♣........
♣♣♣♣.≈≈≈≈.≈R.
♣...≈≈≈≈≈≈≈≈≈
♣...≈≈≈i≈w≈≈≈
♣....§≈≈≈≈≈..
§..≈≈≈≈≈≈..
♣..x.≈....
♣≈@≈w♣
♣♣.......≈
♣♣♣♣.≈≈≈≈
.≈≈≈ ..≈ .≈ ≈


You could see a bunyip, an eleionoma, a tyrant leech, a spriggan rider
(wandering) and a swamp worm.

Vanquished Creatures
  An orc warlord (Orc:2)
  2 bunyips (Swamp:1)
  4 boulder beetles
  Fannar (D:11)
  An ice dragon (Lair:6)
  13 hydras
  Erica (D:11)
  A rakshasa (D:11)
  3 centaur warriors
  A death knight (D:11)
  2 dancing weapons (D:13)
  A tengu warrior (D:13)
  4 alligators
  5 two-headed ogres
  Urug (Lair:3)
  4 orc high priests (Orc:2)
  4 skeletal warriors (D:13)
  4 goliath frogs (Swamp:1)
  2 bog bodies
  2 lindwurms (Lair:6)
  A wizard (D:11)
  A wolf spider zombie (D:13)
  6 orc knights
  2 deep elf pyromancers
  An ugly thing (D:12)
  2 manticores
  6 cyclopes
  A will-o-the-wisp (Swamp:1)
  4 black mambas
  4 elephants (Lair:6)
  Joseph (Lair:1)
  A gargoyle (D:12)
  5 torpor snails (Lair:6)
  17 cane toads
  8 komodo dragons
  4 kobold demonologists (D:12)
  An unseen horror (D:10)
  A redback zombie (D:13)
  2 efreet
  3 tengu conjurers
  4 trolls
  2 bloated husks (Swamp:1)
  A queen bee (Lair:1)
  2 polar bears
  A meliai (D:10)
  5 tyrant leeches
  18 dream sheep
  7 hornets
  A slime creature (D:11)
  A centaur simulacrum (D:11)
  44 yaks
  A spriggan (Swamp:2)
  A vampire (D:9)
  3 wraiths
  5 wyverns
  5 steam dragons
  7 basilisks
  4 wargs (Orc:2)
  8 vampire mosquitoes
  7 swamp worms
  4 nagas (Lair:4)
  3 acid dragons
  7 water moccasins
  A swamp drake (D:10)
  An ice beast (D:7)
  33 orc warriors
  12 ogres
  4 wolves (Lair:2)
  10 centaurs
  A kobold brigand (D:11)
  2 gnoll sergeants
  10 bullfrogs
  A wyvern skeleton (D:6)
  A water moccasin skeleton (D:5)
  15 wights
  30 killer bees
  3 howler monkeys
  2 electric eels (Lair:1)
  16 centaur zombies
  A bullfrog zombie (D:4)
  2 hounds
  9 jellies
  A bullfrog skeleton (D:6)
  8 orc priests
  4 iguanas
  A scorpion zombie (D:5)
  18 orc wizards
  A hound zombie (D:4)
  2 howler monkey zombies (D:4)
  7 adders
  11 gnolls
  2 adder zombies (D:4)
  An adder skeleton (D:4)
  4 dart slugs
  44 orcs
  7 ball pythons
  2 endoplasms
  2 giant cockroaches
  9 goblins
  3 hobgoblins
  11 jackals
  4 quokkas
  9 bats
  4 frilled lizards
  5 kobolds
  5 rats
588 creatures vanquished.

Vanquished Creatures (others)
  4 foxfires (Swamp:1)
  90 fulminant prisms
  42 fungi
  33 plants
169 creatures vanquished.

Grand Total: 757 creatures vanquished

Notes
Turn   | Place    | Note
-------+----------+-------------------------------------------
     0 | D:1      | lorenzova the Deep Elf Conjurer began the quest for the
                  | Orb.
     0 | D:1      | Reached XP level 1. HP: 10/10 MP: 6/6
   103 | D:1      | Found Gisacs's Assorted Antiques.
   223 | D:1      | Reached XP level 2. HP: 15/15 MP: 3/8
   269 | D:1      | Learned a level 2 spell: Searing Ray
   723 | D:1      | Reached skill level 4 in Spellcasting
   724 | D:1      | Reached skill level 5 in Conjurations
   724 | D:1      | Reached XP level 3. HP: 19/19 MP: 5/10
  1892 | D:2      | Reached XP level 4. HP: 24/24 MP: 8/12
  2140 | D:2      | Found a faded altar of an unknown god.
  2441 | D:2      | Found a broken altar of Ashenzari.
  3473 | D:4      | Reached skill level 5 in Spellcasting
  3722 | D:4      | Reached XP level 5. HP: 27/28 MP: 6/14
  3870 | D:4      | Found an ornate altar of the Wu Jian Council.
  4278 | D:4      | Reached skill level 6 in Spellcasting
  4422 | D:4      | Reached XP level 6. HP: 32/32 MP: 12/17
  4457 | D:4      | Learned a level 4 spell: Iskenderun's Mystic Blast
  4462 | D:4      | Learned a level 4 spell: Fulminant Prism
  4943 | D:5      | Entered Level 5 of the Dungeon
  4943 | D:5      | Found a shimmering altar of Xom.
  4970 | D:5      | Found Odovyexe's General Store.
  4982 | D:5      | Reached skill level 7 in Spellcasting
  5040 | D:5      | Reached XP level 7. HP: 36/36 MP: 6/19
  5166 | D:5      | Bought a scroll of teleportation for 33 gold pieces
  5166 | D:5      | Bought a potion of heal wounds for 55 gold pieces
  5166 | D:5      | Bought a potion of curing for 33 gold pieces
  5196 | D:5      | Found Fafis's Weapon Boutique.
  5275 | D:5      | Reached skill level 8 in Spellcasting
  5515 | D:5      | Found a shimmering blue altar of Sif Muna.
  5757 | D:5      | Found Asoo's Distillery.
  5807 | D:5      | Found Sekos's General Store.
  5818 | D:5      | Bought a scroll of teleportation for 33 gold pieces
  5818 | D:5      | Bought a scroll of identify for 22 gold pieces
  5818 | D:5      | Bought a scroll of identify for 22 gold pieces
  6100 | D:6      | Reached skill level 9 in Spellcasting
  6304 | D:6      | Reached XP level 8. HP: 18/41 MP: 17/23
  6570 | D:6      | Reached skill level 1 in Hexes
  6740 | D:6      | Reached skill level 1 in Translocations
  6917 | D:7      | Found a staircase to the Ecumenical Temple.
  6937 | Temple   | Entered the Ecumenical Temple
  7561 | D:7      | Noticed a troll
  7561 | D:7      | Noticed sanka's ghost (novice DjMo)
  7646 | D:7      | Found a runed translucent gate.
  7646 | D:7      | Found a runed translucent gate.
  7648 | D:7      | Found a runed translucent gate.
  7679 | D:7      | Reached skill level 10 in Spellcasting
  8008 | D:8      | Identified the +3 leather armour of Dous Suo {Rampage rElec
                  | rF- Str-2}
  8146 | D:8      | Reached XP level 9. HP: 29/45 MP: 19/25
  8325 | D:8      | Found Qubbadod's Book Shoppe.
  8570 | D:8      | Found a glowing silver altar of Zin.
  8573 | D:8      | Found a radiant altar of Vehumet.
  8576 | D:8      | Found a sparkling altar of Nemelex Xobeh.
  8583 | D:8      | Became a worshipper of Vehumet
  8898 | D:8      | Reached skill level 10 in Conjurations
  8990 | D:8      | Reached skill level 11 in Spellcasting
  9461 | D:8      | Found a staircase to the Lair.
  9673 | D:9      | Reached skill level 5 in Hexes
  9695 | D:9      | Reached * piety under Vehumet
  9695 | D:9      | Offered knowledge of Shock by Vehumet.
 10201 | D:9      | Identified the +0 pair of boots "Sockialolu" {rPois rF+
                  | rCorr Dex-3}
 10303 | D:9      | Reached skill level 12 in Spellcasting
 10313 | D:9      | Reached XP level 10. HP: 50/50 MP: 5/28
 10448 | D:9      | Noticed a deep elf pyromancer
 10565 | Lair:1   | Entered Level 1 of the Lair of Beasts
 10573 | Lair:1   | Reached skill level 5 in Translocations
 10673 | Lair:1   | Noticed a four-headed hydra
 11034 | D:9      | Killed a deep elf pyromancer
 11035 | D:9      | Reached skill level 13 in Spellcasting
 11119 | D:9      | Noticed a two-headed ogre
 11129 | D:9      | Killed a two-headed ogre
 11559 | D:9      | Reached XP level 11. HP: 54/54 MP: 27/30
 11641 | D:9      | Identified 3 scrolls of acquirement
 11643 | D:9      | Acquired a staff of conjuration
 11646 | D:9      | Acquired 1162 gold pieces
 11648 | D:9      | Acquired 639 gold pieces
 11694 | D:8      | Offered knowledge of Foxfire by Vehumet.
 11702 | D:8      | Learned a level 1 spell: Foxfire
 11721 | D:8      | Bought a book of Power for 720 gold pieces
 11728 | D:8      | Learned a level 5 spell: Iskenderun's Battlesphere
 11736 | D:8      | Learned a level 7 spell: Orb of Destruction
 11840 | D:5      | Bought a potion of haste for 140 gold pieces
 11840 | D:5      | Bought a potion of heal wounds for 70 gold pieces
 11840 | D:5      | Bought a potion of heal wounds for 70 gold pieces
 11980 | D:1      | Bought a scroll of identify for 64 gold pieces
 12182 | D:10     | Entered Level 10 of the Dungeon
 12237 | D:10     | Reached ** piety under Vehumet
 12245 | D:10     | Reached skill level 1 in Fire Magic
 12523 | D:10     | Noticed a two-headed ogre
 12527 | D:10     | Killed a two-headed ogre
 12787 | D:10     | Reached skill level 14 in Spellcasting
 12902 | D:10     | Offered knowledge of Stone Arrow by Vehumet.
 12961 | D:10     | Found a staircase to the Orcish Mines.
 13637 | D:10     | Identified the +7 morningstar of Jienovunt {venom, Dex+8}
 13794 | D:11     | Noticed a two-headed ogre
 13800 | D:11     | Killed a two-headed ogre
 13901 | D:11     | Noticed Erica
 13907 | D:11     | Killed Erica
 13994 | D:10     | Reached skill level 5 in Fire Magic
 14352 | D:11     | Noticed Fannar
 14361 | D:11     | Killed Fannar
 14586 | D:11     | Noticed a two-headed ogre
 14597 | D:11     | Killed a two-headed ogre
 14803 | D:11     | Reached XP level 12. HP: 59/59 MP: 27/32
 14935 | Lair:1   | Killed a four-headed hydra
 14936 | Lair:1   | Reached skill level 15 in Spellcasting
 15147 | Lair:1   | Noticed a four-headed hydra
 15156 | Lair:1   | Killed a four-headed hydra
 15591 | Lair:1   | Noticed Joseph
 15597 | Lair:1   | Killed Joseph
 15603 | Lair:1   | Reached *** piety under Vehumet
 15913 | Lair:1   | Offered knowledge of Frozen Ramparts by Vehumet.
 17039 | Lair:2   | Reached **** piety under Vehumet
 17182 | Lair:2   | Noticed a four-headed hydra
 17191 | Lair:2   | Killed a four-headed hydra
 17192 | Lair:2   | Reached skill level 16 in Spellcasting
 17653 | Lair:3   | Noticed Urug
 17660 | Lair:3   | Noticed a five-headed hydra
 17662 | Lair:3   | Killed Urug
 17664 | Lair:3   | Killed a five-headed hydra
 18080 | Lair:3   | Identified the ring "Biseff" {Fire Drain rElec Str+3
                  | Stlth+}
 18548 | Lair:4   | Found a staircase to the Snake Pit.
 18555 | Lair:4   | Offered knowledge of Mephitic Cloud by Vehumet.
 18556 | Lair:4   | Reached XP level 13. HP: 59/63 MP: 27/35
 18846 | Lair:4   | Found a staircase to the Swamp.
 19833 | Lair:5   | Found a staircase to the Slime Pits.
 19849 | Lair:5   | Reached skill level 15 in Conjurations
 19901 | Lair:5   | Reached skill level 17 in Spellcasting
 20182 | Lair:5   | Reached skill level 10 in Fire Magic
 20480 | Lair:6   | Entered Level 6 of the Lair of Beasts
 20805 | Lair:6   | Reached ***** piety under Vehumet
 20805 | Lair:6   | Offered knowledge of Fireball by Vehumet.
 20812 | Lair:6   | Learned a level 5 spell: Fireball
 21140 | Lair:6   | Identified the -1 pair of gloves "Maipoqol" {*Slow Int+3
                  | SInv}
 21737 | Lair:6   | Found a runed translucent door.
 22058 | Lair:6   | Reached XP level 14. HP: 55/68 MP: 20/37
 22584 | Lair:1   | Acquired 1094 gold pieces
 22622 | D:8      | Bought a book of the Tempests for 1120 gold pieces
 22629 | D:8      | Learned a level 5 spell: Lightning Bolt
 23066 | Orc:1    | Entered Level 1 of the Orcish Mines
 23072 | Orc:1    | Reached skill level 18 in Spellcasting
 23228 | Orc:2    | Entered Level 2 of the Orcish Mines
 23272 | Orc:2    | Reached skill level 1 in Air Magic
 23533 | Orc:2    | Noticed an orc warlord
 23536 | Orc:2    | Killed an orc warlord
 23645 | Orc:2    | Found Vyfe Tyu's Antique Weapon Boutique.
 23700 | Orc:2    | Found Giuguc's Antique Armour Boutique.
 24059 | Orc:2    | Found Talakid's Armour Shop.
 24240 | Orc:2    | Found Huuduy's Book Emporium.
 24254 | Orc:2    | Found a staircase to the Elven Halls.
 24452 | Orc:2    | Found Xuackosu's General Store.
 25266 | D:11     | Offered knowledge of Starburst by Vehumet.
 25316 | D:11     | Identified the +2 robe of Icwuvad {rElec rC- Regen+ Str+7}
 25894 | D:11     | Found an iron altar of Okawaru.
 26334 | D:12     | Identified the +11 quarterstaff of Chagrin {flame, +Rage
                  | rC+}
 26554 | D:12     | Reached skill level 5 in Air Magic
 28056 | D:13     | Reached XP level 15. HP: 72/72 MP: 30/39
 28120 | D:13     | Reached skill level 19 in Spellcasting
 28709 | D:13     | Found a gate to the Vaults.
 28819 | D:13     | Offered knowledge of Eringya's Noxious Bog by Vehumet.
 28819 | D:13     | Found a basalt altar of Yredelemnul.
 29740 | Swamp:1  | Entered Level 1 of the Swamp
 31025 | Swamp:2  | Noticed Donald
 31055 | Swamp:2  | HP: 2/72 [Donald/+3 vorpal scimitar (4)]
 31060 | Swamp:2  | Slain by a bunyip

Illustrated notes

Levels and vault maps discovered:
D:1:      minmay_arrival_solitary_statue, layout_basic, serial_shops,
          nicolae_shop_waterfront, minmay_shallow_snake_nest
D:2:      layout_loops_ring, basic_altar,
          hellmonk_ecumenical_altar_slurped_away, minmay_pentomino_x4
D:3:      layout_loops_ring, kennysheep_generic_room_16
D:4:      layout_layer_cave, nzn_wu_jian_council_hall, serial_undead,
          serial_undead_a, serial_undead_c, serial_undead_f, serial_undead_a,
          serial_undead_b, serial_undead_b, serial_park_tiny_2
D:5:      layout_rooms, overflow_temple_1_default, amcnicky_altar_gilded,
          serial_shops, shop, shop_statue, nicolae_shop_behind_doors,
          nicolae_shop_window_shopping
D:6:      layout_gridville
D:7:      layout_loops_ring, minmay_temple_entry_arrows, gammafunk_ghost_split
D:8:      layout_loops_ring, minmay_overflow_temple_star_quad, lair_entry_dummy,
          serial_shops, nicolae_shop_statue_plus
D:9:      wad_guarded_room, layout_small_grid
D:10:     minmay_diamond_stairs, layout_basic, erik_orc_1,
          serial_co_window_serial, co_window_of_opportunity_a,
          co_window_paths_a, co_window_of_opportunity_a, co_window_cross_1,
          co_window_paths_b, co_window_corner_a, co_window_corner_b,
          co_window_2corner, co_window_corner_b, glass_columns_b
D:11:     hangedman_cross_veins, layout_long_grid, minmay_ruined_shrine,
          uniq_fannar, uniq_erica
D:12:     layout_layer_cave
D:13:     layout_cave_pods, erik_vaults_1, nicolae_yredelemnul_corpse_copse
Temple:   regret_index_temple_sphere_string
Lair:1:   statuecave_lemuel, layout_hall_layers, special_room
          [special_room_bee], serial_bayou_shore_b, uniq_joseph
Lair:2:   layout_cave_shapes, st_stairs_10, minmay_holes, grunt_megastairs_4,
          serial_bayou_shore_b
Lair:3:   layout_chaotic_city, infiniplex_staircase_pool_2, uniq_urug
Lair:4:   layout_roguey, skrybe_swamp_entry_bodies,
          minmay_snake_entry_guardpost_small
Lair:5:   layout_regular_city, nicolae_slime_entry_slimehenge
Lair:6:   wormcave, layout_misc_corridors, minivault_11,
          minmay_stone_trees_medium, grunt_forest_small_clearings
Swamp:1:  layout_basic_swamp, evilmike_swamp_ruin_wall
Swamp:2:  nicolae_swamp_ascending_descending, layout_basic_swamp,
          evilmike_swamp_ruin_house_4, swamp_pool1, nicolae_swamp_big_swirl,
          uniq_louise, uniq_frances, uniq_donald, uniq_aizul
Orc:1:    layout_diamond_mine
Orc:2:    grunt_orc_gardens, layout_caves, grunt_orc_garden, grunt_orc_garden,
          grunt_orc_garden, grunt_orc_garden, serial_shops, shop,
          nicolae_orc_damp_corner

Skill      XL: |  1  2  3  4  5  6  7  8  9 10 11 12 13 14 15 |
---------------+----------------------------------------------+-----
Spellcasting   | 4 5 6 7 9 10 12 13 14 16 17 18 19 | 19.6
Conjurations   | 5 6 7 8 9 10 12 13 14 15 16 17 | 17.2
Hexes          | 3 5 7 9 |  9.0
Translocations | 2 4 6 |  6.0
Fire Magic     | 5 8 11 12 13 | 13.3
Air Magic      | 5 7 |  7.3
Dodging        | |  2.4
Stealth        | |  2.4

Action                   |  1- 3 |  4- 6 |  7- 9 | 10-12 | 13-15 || total
-------------------------+-------+-------+-------+-------+-------++-------
Melee: Staff             |       |       |       |       |     1 ||     1
 Cast: Magic Dart        |    58 |    76 |    69 |   159 |   301 ||   663
       Searing Ray       |     8 |    12 |    50 |    23 |       ||    93
       Fulminant Prism   |       |       |    18 |    42 |    30 ||    90
       Iskenderun's Myst |       |       |     6 |    40 |   101 ||   147
       Iskenderun's Batt |       |       |       |    52 |    89 ||   141
       Fireball          |       |       |       |       |   107 ||   107
       Lightning Bolt    |       |       |       |       |     7 ||     7
       Orb of Destructio |       |       |       |       |     3 ||     3
  Use: Scroll            |       |     3 |     2 |     9 |    16 ||    30
       Potion            |       |       |       |       |     6 ||     6
Armor: Robe              |     1 |     1 |       |     3 |     6 ||    11
       Steam dragon scal |       |       |     2 |     8 |       ||    10
Dodge: Dodged            |     1 |     5 |    10 |    11 |    19 ||    46
       Repelled          |       |       |       |       |     2 ||     2

Table legend: (Time is in decaauts)
 A = Elapsed time spent in this place.
 B = Non-inter-level travel time spent in this place.
 C = Inter-level travel time spent in this place.
 D = Time resting spent in this place.
 E = Time spent auto-exploring this place.
 F = Levels seen in this place.
 G = Mean time per level.
                   A        B        C        D        E       F      G
               +--------+--------+--------+--------+--------+-----+--------+
         Total |  31207 |  29101 |   2106 |  11102 |  14817 |  24 | 1300.3 |
       Dungeon |  19831 |  18222 |   1609 |   6944 |   9393 |  13 | 1525.5 |
        Temple |    147 |    139 |      8 |      0 |    139 |   1 |  147.0 |
          Lair |   8246 |   7839 |    407 |   3139 |   3854 |   6 | 1374.3 |
         Swamp |   1290 |   1282 |      8 |    431 |    632 |   2 |  645.0 |
  Orcish Mines |   1692 |   1619 |     73 |    588 |    797 |   2 |  846.0 |
               +--------+--------+--------+--------+--------+-----+--------+

Top non-repeatable levels by time:
    D:10: 2327 daAuts
     D:8: 2296 daAuts
  Lair:1: 2047 daAuts
    D:12: 1855 daAuts
     D:9: 1844 daAuts
  Lair:6: 1759 daAuts
    D:11: 1728 daAuts
    D:13: 1602 daAuts
     D:4: 1530 daAuts
  Lair:5: 1411 daAuts
     D:1: 1390 daAuts
     D:2: 1362 daAuts
  Lair:2: 1171 daAuts
   Orc:2: 1138 daAuts
     D:5: 1053 daAuts
